 Dungeon Crawl Stone Soup version 0.23.2-40-g277498a001 (webtiles) character file.

Game seed: 8719014431154349957

2102 Frank2 the Cleaver (level 8, 0/99 HPs)
             Began as a Demigod Gladiator on Sept 28, 2019.
             Slain by a centaur (3 damage)
             ... on level 7 of the Dungeon.
             The game lasted 00:08:16 (5175 turns).

Frank2 the Cleaver (Demigod Gladiator)              Turns: 5175, Time: 00:08:17

Health: 0/99       AC: 11    Str: 22    XL:     8   Next: 80%
Magic:  11/11      EV: 14    Int: 12    God:
Gold:   214        SH:  0    Dex: 21    Spells: 7/7 levels left

rFire    . . .     SeeInvis .   a - +2 war axe
rCold    . . .     Gourm    .   (no shield)
rNeg     . . .     Faith    .   h - +0 ring mail
rPois    .         Spirit   .   c - +0 helmet
rElec    .         Reflect  .   j - +0 cloak
rCorr    .         Harm     .   g - +0 pair of gloves
MR       .....                  i - +0 pair of boots
Stlth    ..........             (no amulet)
HPRegen  0.26/turn              (no ring)
MPRegen  0.12/turn              (no ring)

@: mighty, berserking, lethally poisoned (0 -> -8), very quick
A: high mp 1
a: no special abilities


You were on level 7 of the Dungeon.
You were not hungry.

You visited 1 branch of the dungeon, and saw 7 of its levels.

You collected 214 gold pieces.

Inventory:

Hand Weapons
 a - a +2 war axe (weapon)
Armour
 c - a +0 helmet (worn)
 g - a +0 pair of gloves (worn)
 h - a +0 ring mail (worn)
 i - a +0 pair of boots (worn)
 j - a +0 cloak (worn)
Jewellery
 t - a cursed amulet of inaccuracy {unknown}
Wands
 r - a wand of enslavement (6)
Scrolls
 b - 4 scrolls of teleportation
 e - 4 scrolls of remove curse
 m - 4 scrolls of fear
 o - a scroll of magic mapping
 u - a scroll of blinking
 w - a scroll of fog
Potions
 d - a potion of might
 k - a potion of cancellation
 l - a potion of berserk rage
 n - 2 potions of flight {unknown}
 p - 2 potions of mutation {unknown}
 q - a potion of agility {unknown}
 s - 2 potions of heal wounds
Comestibles
 f - 10 rations


   Skills:
 + Level 4.1 Fighting
 + Level 8.1 Axes
 - Level 1.7 Throwing
 * Level 5.5 Armour
 + Level 4.2 Dodging
 + Level 1.2 Stealth
 * Level 1.0 Evocations


You had 7 spell levels left.
You didn't know any spells.
Your spell library contained the following spells:

 Spells                   Type           Power        Failure   Level  Hunger
 Confusing Touch          Hex            #.....       45%         1    ##.....
 Confuse                  Hex            #.......     83%         3    ####...
 Gell's Gravitas          Tloc           #.........   83%         3    ####...
 Petrify                  Tmut/Erth      #.......     99%         4    #####..
 Metabolic Englaciation   Hex/Ice        #.........   100%        5    ######.
 Yara's Violent Unravell  Hex/Tmut       #.........   100%        5    ######.


Dungeon Overview and Level Annotations

Branches:
Dungeon (7/15)             Temple (0/1) D:5

Shops:
D:6 *


Innate Abilities, Weirdness & Mutations

You have an increased reservoir of magic. (+10% MP)


Message History

* * * LOW HITPOINT WARNING * * *
The killer bee completely misses you.
It was a potion of berserk rage.
A red film seems to cover your vision as you go berserk!
You feel yourself moving faster!
You feel mighty!
You feel sick. The killer bee stings you.
* * * LOW HITPOINT WARNING * * *
The killer bee misses you.
You hit the killer bee.
You kill the killer bee!
You feel sick.
The centaur shoots an arrow.
The arrow hits you.
* * * LOW HITPOINT WARNING * * *
The centaur unwields a +0 shortbow.
The centaur hits you.
* * * LOW HITPOINT WARNING * * *
You see here a killer bee corpse.
You hit the centaur.
The centaur is moderately wounded.
* * * LOW HITPOINT WARNING * * *
You feel sick. The centaur hits you.
You die...

### ## #####.##### ### .#
##....#.##.# #(# .#
....####..### #(##.##
..#.####....####@...##.#
.....##...#...#.c......#
..##......###............
.####.###..#...........##
[# #.# ##............##
## #.# ##...........# #
#.. ....#........# # #..
................ #
.#####..............


You could see a centaur.

Vanquished Creatures
  Grinder (D:4)
  Sigmund (D:5)
  Menkaure (D:4)
  A sky beast (D:5)
  2 phantoms
  4 ogres
  A centaur (D:6)
  A scorpion (D:4)
  4 killer bees (D:7)
  A howler monkey (D:5)
  2 bullfrog zombies (D:5)
  3 hounds
  4 bullfrog skeletons
  An orc wizard (D:5)
  2 iguanas
  A worker ant (D:4)
  2 hound zombies (D:6)
  A hound skeleton (D:4)
  A worker ant zombie (D:5)
  9 adders
  A shadow imp (D:5)
  2 oozes
  2 adder skeletons
  4 worms
  3 dart slugs
  A leopard gecko (D:1)
  20 orcs
  3 giant cockroaches
  6 goblins
  4 hobgoblins
  7 jackals
  3 quokkas
  A ball python skeleton (D:4)
  5 bats
  3 frilled lizards
  3 jackal skeletons
  10 kobolds
  A leopard gecko skeleton (D:5)
  7 rats
129 creatures vanquished.

Notes
Turn   | Place    | Note
-------+----------+-------------------------------------------
     0 | D:1      | Frank2 the Demigod Gladiator began the quest for the Orb.
     0 | D:1      | Reached XP level 1. HP: 17/17 MP: 3/3
   137 | D:1      | Reached XP level 2. HP: 7/24 MP: 4/4
   214 | D:1      | Reached skill level 3 in Axes
   770 | D:2      | Reached XP level 3. HP: 23/29 MP: 5/5
   885 | D:2      | Reached skill level 1 in Armour
  1340 | D:3      | Reached XP level 4. HP: 31/36 MP: 6/6
  1635 | D:3      | Reached skill level 4 in Axes
  1641 | D:3      | Found a hazy altar of Hepliaklqana.
  1842 | D:3      | Found a white marble altar of Elyvilon.
  1955 | D:4      | Noticed Menkaure
  1963 | D:4      | Killed Menkaure
  1963 | D:4      | Reached XP level 5. HP: 21/42 MP: 7/7
  2076 | D:4      | Reached skill level 5 in Axes
  2182 | D:4      | Reached XP level 6. HP: 43/50 MP: 8/8
  2487 | D:4      | Noticed Grinder
  2503 | D:4      | Killed Grinder
  2788 | D:4      | Reached XP level 7. HP: 53/56 MP: 9/9
  2803 | D:4      | Reached skill level 6 in Axes
  3240 | D:5      | Entered Level 5 of the Dungeon
  3456 | D:5      | Reached skill level 7 in Axes
  3671 | D:5      | Found a staircase to the Ecumenical Temple.
  3707 | D:5      | Reached XP level 8. HP: 63/63 MP: 10/10
  3830 | D:5      | Noticed Sigmund
  3855 | D:5      | Killed Sigmund
  3958 | D:5      | Reached skill level 1 in Stealth
  4016 | D:5      | Reached skill level 5 in Armour
  4695 | D:6      | Found Kuawk's General Store.
  5150 | D:7      | Reached skill level 8 in Axes
  5159 | D:7      | Reached skill level 1 in Evocations
  5174 | D:7      | HP: 4/99 [centaur (5)]
  5175 | D:7      | Slain by a centaur

Skill      XL: |  1  2  3  4  5  6  7  8 |
---------------+-------------------------+-----
Axes           | 3 4 5 7 8 |  8.1
Dodging        | 3 4 |  4.2
Fighting       | 2 3 4 |  4.1
Armour         | 1 2 3 4 5 |  5.5
Stealth        | 1 |  1.2
Evocations     | 1 |  1.0
Throwing       | |  1.7

Action                   |  1- 3 |  4- 6 |  7- 9 || total
-------------------------+-------+-------+-------++-------
Melee: War axe           |   130 |   107 |   252 ||   489
Throw: Throwing net      |     2 |     4 |     2 ||     8
  Use: Scroll            |     4 |     6 |     3 ||    13
       Potion            |       |       |     3 ||     3
 Stab: Held in net/web   |     1 |       |       ||     1
       Sleeping          |     1 |       |     1 ||     2
       Distracted        |       |       |     1 ||     1
  Eat: Chunk             |     1 |     5 |     8 ||    14
Armor: Leather armour    |     7 |       |       ||     7
       Ring mail         |    48 |    37 |    97 ||   182
Dodge: Dodged            |   127 |    82 |   173 ||   382
